 Dungeon Crawl Stone Soup version 0.19.1 (webtiles) character file.

353 Mesmaeker13 the Poker (level 6, 0/44 HPs)
             Began as a Merfolk Skald on Dec 25, 2016.
             Was an Initiate of Ashenzari.
             Slain by dscm's ghost (1 damage)
             ... on level 4 of the Dungeon.
             The game lasted 00:11:13 (4569 turns).

Mesmaeker13 the Poker (Merfolk Skald)               Turns: 4569, Time: 00:11:14

Health: 0/44       AC:  6    Str: 13    XL:     6   Next: 62%
Magic:  6/9        EV: 12    Int: 18    God:    Ashenzari [......]
Gold:   221        SH:  3    Dex: 13    Spells: 3 memorised, 4 levels left

rFire  . . .     SeeInvis .     r - +0 trident
rCold  . . .     Gourm    .     b - +0 leather armour
rNeg   . . .     Faith    .     x - +0 buckler
rPois  .         Spirit   .     p - +0 helmet
rElec  .         Reflect  .     (no cloak)
rCorr  .         Harm     .     h - +1 pair of gloves
MR     .....                    (no boots)
Stlth  +.........               (no amulet)
                                (no ring)
                                (no ring)

@: brilliant, infused, heavily drained
A: change form in water, swift swim, stealthy swim
a: Curse Item, Renounce Religion


You were on level 4 of the Dungeon.
You worshipped Ashenzari.
Ashenzari was noncommittal.
You were hungry.

You visited 1 branch of the dungeon, and saw 5 of its levels.

You collected 221 gold pieces.

Inventory:

Hand Weapons
 g - a +0 dagger of venom
 r - a +0 trident (weapon)
Missiles
 k - 14 poisoned needles
Armour
 b - a +0 leather armour (worn)
 h - a +1 pair of gloves (worn)
 p - a +0 helmet (worn)
 x - a +0 buckler (worn)
 C - a +0 shield
Wands
 i - a wand of flame (19/48)
Scrolls
 e - 2 scrolls of enchant armour
 j - a scroll of remove curse
 q - a scroll of immolation {unknown}
 t - 2 scrolls of magic mapping
 u - a scroll of identify {unknown}
 y - a scroll of random uselessness {unknown}
Potions
 a - a potion of lignification {unknown}
 l - a potion of mutation {unknown}
 v - a potion of brilliance
 w - a potion of might {unknown}
Books
 c - a book of Battle

   Spells                             Type                      Level
   a - Infusion                       Charms                       1
   b - Shroud of Golubria             Charms/Translocation         2
   c - Song of Slaying                Charms                       2
   d - Spectral Weapon                Hexes/Charms                 3
   e - Regeneration                   Charms/Necromancy            3
Comestibles
 d - 2 bread rations
 f - a beef jerky
 z - a meat ration
 A - a slice of pizza


   Skills:
 - Level 2.1(0.7) Fighting
 + Level 6.0(4.4) Polearms
 - Level 0.6(0.0) Armour
 + Level 4.7(3.1) Dodging
 + Level 2.1(0.7) Shields
 - Level 2.0(0.6) Spellcasting
 + Level 4.8(3.3) Charms


You had 4 spell levels left.
You knew the following spells:

 Your Spells              Type           Power        Failure   Level  Hunger
a - Infusion              Chrm           ###.         1%          1    ##.....
b - Song of Slaying       Chrm           ###.....     2%          2    ###....
c - Shroud of Golubria    Chrm/Tloc      ###.......   4%          2    ###....


Dungeon Overview and Level Annotations

Branches:
Dungeon (5/15)
 Temple: D:4-7

Altars:
Ashenzari

Shops:
D:4 *

Annotations:
D:4 Sigmund; dscm's ghost, amateur OpFi


Message History

The phantom is lightly damaged.
The phantom hits you.
* * * LOW HITPOINT WARNING * * *
The phantom blinks!
You are too injured to fight recklessly!
There is a stone staircase leading down here.
The phantom blinks!
You climb downwards.
Level annotation: Sigmund; dscm's ghost, amateur OpFi Dscm's ghost hits you.
* * * LOW HITPOINT WARNING * * *
The goblin shoots a stone.
The stone hits you.
* * * LOW HITPOINT WARNING * * *
Dscm's ghost hits you but does no damage.
There is a stone staircase leading up, spattered with blood here.
You see here 3 stones.
Dscm's ghost hits you.
* * * LOW HITPOINT WARNING * * *
You writhe in agony.
You die...

#..#.##........######.##
#.##.#######............
##.##.#######.########.##
..............#..........
........................#
##.#......#####.#.......#
.....g..#.#####.##.(....#
.......W............(....
#......<@...#.#.##..#(#.#
#########.#.#.#.#...#....
...#.#.#.#.#.#.#(#
#####.#.#.#.....#.# ###
#. #.#.#.####..#.. ..#
#.# #.#.#.. ...... #.#
#.# #.#.### ##..### #.#
#.########.# ...# # #.#
#.#........# ...


You could see dscm's ghost and a goblin.

Vanquished Creatures
  An ogre (D:3)
  Natasha (twice) (D:4)
  2 worker ants (D:4)
  Robin (D:4)
  2 gnolls (D:5)
  4 adders
  A worm (D:3)
  3 dart slugs
  6 leopard geckos
  4 orcs (D:3)
  11 bats
  3 giant cockroaches (D:2)
  14 hobgoblins
  10 jackals
  5 kobolds
  A quokka (D:2)
  A ball python (D:2)
  5 frilled lizards
  7 goblins
  7 rats
90 creatures vanquished.

Vanquished Creatures (others)
  A goblin (D:4)
1 creature vanquished.

Grand Total: 91 creatures vanquished

Notes
Turn   | Place    | Note
-------+----------+-------------------------------------------
     0 | D:1      | Mesmaeker13 the Merfolk Skald began the quest for the Orb.
     0 | D:1      | Reached XP level 1. HP: 16/16 MP: 3/3
   264 | D:1      | Reached XP level 2. HP: 19/22 MP: 5/5
   589 | D:1      | Reached XP level 3. HP: 18/27 MP: 6/6
   596 | D:1      | Reached skill level 4 in Polearms
  1147 | D:2      | Learned a level 2 spell: Song of Slaying
  1215 | D:2      | Reached XP level 4. HP: 31/33 MP: 1/7
  2198 | D:3      | Learned a level 2 spell: Shroud of Golubria
  2292 | D:3      | Found a faded altar of an unknown god.
  2503 | D:3      | Reached skill level 5 in Polearms
  2503 | D:3      | Reached XP level 5. HP: 38/38 MP: 4/8
  2682 | D:4      | Noticed an ogre
  2731 | D:3      | Killed an ogre
  2731 | D:3      | Reached skill level 1 in Shields
  2882 | D:4      | Noticed Sigmund
  2940 | D:4      | Noticed Robin
  2945 | D:4      | Noticed dscm's ghost (amateur OpFi)
  2952 | D:5      | Entered Level 5 of the Dungeon
  2959 | D:5      | Reached XP level 6. HP: 34/44 MP: 4/9
  3241 | D:4      | Noticed Natasha
  3260 | D:4      | Killed Natasha
  3906 | D:4      | Killed Robin
  4448 | D:4      | Found Kuhoitin's General Store.
  4454 | D:4      | Found a shattered altar of Ashenzari.
  4461 | D:4      | Became a worshipper of Ashenzari the Shackled
  4506 | D:4      | Noticed Natasha
  4512 | D:4      | Killed Natasha
  4512 | D:4      | Reached skill level 6 in Polearms
  4541 | D:4      | Noticed a phantom
  4569 | D:4      | HP: 1/44 [dscm's ghost (4)]
  4569 | D:4      | Slain by dscm's ghost

Skill      XL: |  1  2  3  4  5  6 |
---------------+-------------------+-----
Dodging        | 2 3 4 |  4.7
Polearms       | 4 5 6 |  6.0
Charms         | 4 |  4.8
Shields        | 1 2 |  2.1
Fighting       | |  2.1
Armour         | |  0.6
Spellcasting   | |  2.0

Action                   |  1- 3 |  4- 6 || total
-------------------------+-------+-------++-------
Melee: Spear             |   180 |    34 ||   214
       Trident           |       |   173 ||   173
       Dagger            |       |     5 ||     5
 Cast: Infusion          |     5 |     9 ||    14
       Shroud of Golubri |       |     1 ||     1
       Song of Slaying   |       |     1 ||     1
  Use: Scroll            |     1 |     6 ||     7
       Potion            |       |     3 ||     3
 Stab: Sleeping          |     1 |     1 ||     2
       Invisible         |       |     2 ||     2
  Eat: Chunk             |     1 |     7 ||     8
       Bread ration      |       |     1 ||     1
Armor: Leather armour    |    47 |    33 ||    80
Dodge: Dodged            |    94 |   131 ||   225
Block: Buckler           |       |    20 ||    20
